 Dungeon Crawl Stone Soup version 0.28.0-53-g5a82cb258f (webtiles) character file.

Game seed: 17602395021478874931

665 salieru the Magician (level 7, -5/90 HPs)
             Began as a Naga Hedge Wizard on June 30, 2022.
             Was an Initiate of Cheibriados.
             Slain by an ogre
             ... wielding a +0 giant spiked club
              (10 damage)
             ... on level 5 of the Dungeon.
             The game lasted 00:24:12 (6599 turns).

salieru the Magician (Naga Hedge Wizard)            Turns: 6599, Time: 00:24:12

Health: -5/90      AC:  7    Str: 13    XL:     7   Next: 57%
Magic:  6/13       EV: 10    Int: 20    God:    Cheibriados [......]
Gold:   193        SH:  0    Dex: 17    Spells: 3/15 levels left

rFire   . . .      SeeInvis +   g - +0 short sword
rCold   + . .      Faith    .   (no shield)
rNeg    . . .      Spirit   .   e - +0 leather armour
rPois   +          Reflect  .   c - +0 hat
rElec   .          Harm     .   (no cloak)
rCorr   .          Rampage  .   q - +2 pair of gloves {hurl}
Will    .....                   (no barding)
Stlth   ..........              (no amulet)
HPRegen 0.25/turn               h - +6 ring of dexterity
MPRegen 0.13/turn               o - ring of protection from cold

@: brilliant, berserking, weak-willed, flying, very slow
A: AC +2, large, see invisible, deformed body, poison resistance, slowness 2,
spit poison 1, naga tail 1, clever 1
a: Spit Poison, Renounce Religion


You were on level 5 of the Dungeon.
You worshipped Cheibriados.
Cheibriados was noncommittal.
You visited 1 branch of the dungeon, and saw 5 of its levels.

You collected 193 gold pieces.

Inventory:

Hand Weapons
 g - a +0 short sword (weapon)
Armour
 c - a +0 hat (worn)
 e - a +0 leather armour (worn)
 q - a +2 pair of gloves of hurling (worn)
Jewellery
 h - a +6 ring of dexterity (left hand)
 o - a ring of protection from cold (right hand)
Wands
 k - a wand of iceblast (8)
Scrolls
 d - 2 scrolls of identify
 f - 3 scrolls of fear
 m - 2 scrolls of teleportation {unknown}
Potions
 i - a potion of magic
 l - a potion of curing
 n - a potion of flight


   Skills:
 + Level 2.0 Fighting
 + Level 2.0 Armour
 + Level 2.8 Dodging
 + Level 4.2 Stealth
 * Level 4.5 Spellcasting
 * Level 3.6 Conjurations
 - Level 1.0 Summonings
 - Level 1.0 Translocations
 + Level 1.8 Air Magic
 + Level 2.7 Poison Magic


You had 3 spell levels left.
You knew the following spells:

 Your Spells              Type           Power      Damage    Failure   Level
a - Magic Dart            Conj           100%       1d8       3%          1
b - Blink                 Tloc           24%        N/A       16%         2
c - Mephitic Cloud        Conj/Pois/Air  23%        N/A       14%         3
d - Conjure Flame         Conj/Fire      17%        6-21      22%         3
e - Call Imp              Summ           12%        N/A       16%         2
f - Slow                  Hex            24%        N/A       16%         1

Your spell library contained the following spells:

 Spells                   Type           Power      Damage    Failure   Level


Dungeon Overview and Level Annotations

Branches:
Dungeon (5/15)
 Temple: D:4-7

Altars:
Cheibriados
Gozag
Ru


Innate Abilities, Weirdness & Mutations

Your serpentine skin is tough. (AC +2)
You have supernaturally acute eyesight. (SInv)
Armour fits poorly on your strangely shaped body.
Your system is resistant to poisons. (rPois)
You cover ground very slowly.
You can spit poison.
You have a snake-like lower body.
Your mind is acute. (Int +2)


Message History

Confirm with . or Enter, or press ? or * to list all spells.
You blink.
The orc barely misses you. The centaur warrior zombie hits you.
* * * LOW HITPOINT WARNING * * *
The centaur warrior zombie closely misses you.
The ogre closely misses you.
Your magical contamination has completely faded away.
It was a potion of flight.
You feel very buoyant.
You fly up into the air.
The orc hits you but does no damage.
It was a potion of brilliance.
You feel clever all of a sudden.
You feel stable enough to blink again. The orc closely misses you.
It was a potion of mutation.
You feel extremely strange.
You feel clever. The orc hits you with a +0 short sword.
* * * LOW HITPOINT WARNING * * *
It was a potion of berserk rage.
A red film seems to cover your vision as you go berserk!
Cheibriados protects you from inadvertent hurry.
You feel mighty! The orc hits you with a +0 short sword.
* * * LOW HITPOINT WARNING * * *
You barely miss the orc. The orc hits you but does no damage.
You closely miss the orc. The orc hits you but does no damage.
You hit the orc.
The orc is almost dead.
The orc hits you with a +0 short sword.
* * * LOW HITPOINT WARNING * * *
The orc hits you but does no damage.
You puncture the orc!
You kill the orc!
Cheibriados thoroughly appreciates the change of pace.
The ogre hits you with a +0 giant spiked club.
* * * LOW HITPOINT WARNING * * *
You puncture the ogre!
The ogre is moderately wounded.
You puncture the ogre!
The ogre is severely wounded.
The ogre hits you with a +0 giant spiked club!
You die...

.. #...###...# #..##
#.....##..# ...###
#......#.## $..#
#........# .####
##.######........#
......#................#
........Z#########....##
#.....##O# #...## #....
#@#########...# ####
#.............#
####...####...# #.#.##
#...#
#######.#..###.######
....#.. #..........#
######....# #......###.#
..........###..###.###.#
...............# #....#


You could see an ogre (weak-willed) and a centaur warrior zombie (weak-willed).

Vanquished Creatures
  3 ogres
  A scorpion (D:5)
  A jelly (D:4)
  An orc priest (D:4)
  3 iguanas (D:4)
  An orc wizard (D:3)
  A scorpion zombie (D:5)
  4 adders
  An ufetubus (D:4)
  An adder skeleton (D:4)
  3 worms
  3 dart slugs
  11 orcs
  5 bats
  12 endoplasms
  A giant cockroach (D:1)
  10 goblins
  4 hobgoblins
  2 jackals (D:4)
  4 quokkas
  9 ball pythons
  4 frilled lizards
  3 kobolds
  25 rats
113 creatures vanquished.

Vanquished Creatures (others)
  An orc (D:4)
  5 fungi (D:3)
6 creatures vanquished.

Grand Total: 119 creatures vanquished

Notes
Turn   | Place    | Note
-------+----------+-------------------------------------------
     0 | D:1      | salieru the Naga Hedge Wizard began the quest for the Orb.
     0 | D:1      | Reached XP level 1. HP: 15/15 MP: 4/4
   361 | D:1      | Reached XP level 2. HP: 22/22 MP: 3/6
  1022 | D:2      | Reached XP level 3. HP: 28/28 MP: 0/7
  1025 | D:2      | Learned a level 2 spell: Blink
  1029 | D:2      | Learned a level 3 spell: Mephitic Cloud
  1342 | D:2      | You fall into a shaft and drop 1 floor!
  2106 | D:2      | Reached XP level 4. HP: 28/37 MP: 6/9
  2294 | D:2      | Reached skill level 1 in Armour
  3294 | D:3      | Reached XP level 5. HP: 40/43 MP: 2/10
  3387 | D:3      | Reached skill level 1 in Poison Magic
  3643 | D:3      | Found an opulent altar of Gozag.
  3984 | D:4      | Reached skill level 1 in Fighting
  4059 | D:4      | Noticed an ogre
  4068 | D:4      | Killed an ogre
  4069 | D:4      | Reached skill level 1 in Air Magic
  4069 | D:4      | Reached XP level 6. HP: 33/51 MP: 2/12
  5524 | D:4      | Found a snail-covered altar of Cheibriados.
  5532 | D:4      | Became a worshipper of Cheibriados the Contemplative
  5583 | D:4      | Found a sacrificial altar of Ru.
  5984 | D:4      | Learned a level 3 spell: Conjure Flame
  5987 | D:4      | Learned a level 2 spell: Call Imp
  5989 | D:4      | Learned a level 1 spell: Slow
  6003 | D:5      | Entered Level 5 of the Dungeon
  6030 | D:5      | Reached XP level 7. HP: 38/58 MP: 3/13
  6592 | D:5      | Gained mutation: Your mind is acute. (Int +2) [potion of
                  | mutation]
  6599 | D:5      | Slain by an ogre

Illustrated notes

Levels and vault maps discovered:
D:1:      dpeg_arrival_concentric_ovals, layout_rooms
D:2:      layout_basic, st_stairs_3, minmay_fountain_box, chequers_arboretum
D:3:      layout_loops_ring, mainiacjoe_overflow_chevrons
D:4:      layout_loops_corners, mainiacjoe_overflow_surrounded_room,
          lemuel_crystal_altar, palyth_stone_intersect, minmay_rat_hole
D:5:      layout_rooms, nicolae_hepliaklqana_monster_ancestors,
          chequers_serial_rivers_large_b

Skill      XL: |  1  2  3  4  5  6  7 |
---------------+----------------------+-----
Conjurations   | 2 3 |  3.6
Dodging        | 2 |  2.8
Armour         | 1 2 |  2.0
Poison Magic   | 1 2 |  2.7
Fighting       | 1 2 |  2.0
Spellcasting   | 4 |  4.5
Air Magic      | 1 |  1.8
Stealth        | 4 |  4.2
Summonings     | |  1.0
Translocations | |  1.0

Action                   |  1- 3 |  4- 6 |  7- 9 || total
-------------------------+-------+-------+-------++-------
Melee: Dagger            |     1 |       |       ||     1
       Short sword       |    56 |   142 |    41 ||   239
       Punch             |       |     1 |     2 ||     3
 Cast: Magic Dart        |    50 |    77 |    23 ||   150
       Mephitic Cloud    |       |     7 |     4 ||    11
       Slow              |       |     1 |       ||     1
       Blink             |       |       |     2 ||     2
 Abil: Spit Poison       |    16 |    22 |     7 ||    45
Evoke: Wand              |       |     4 |       ||     4
  Use: Potion            |     1 |     1 |     5 ||     7
       Scroll            |       |       |     3 ||     3
 Stab: Confused          |       |     3 |     1 ||     4
Armor: Leather armour    |    14 |    26 |    43 ||    83
Dodge: Dodged            |    32 |    94 |    37 ||   163
